PR
VALLEY VIEW COUGARS @ LADUE RAMS
09/01/2037
 
TOP OF THE 1ST
Valley View Cougars batting - Pitching for Ladue Rams : LHP Reginald Woodger
Pitching: LHP Reginald Woodger
Batting: RHB Jerry Scott 0-0: Called Strike
0-1: Called Strike
0-2: Ball
1-2: Foul Ball, location: 2F
1-2: Strikes out looking
Batting: LHB Juan Delgado 0-0: Called Strike
0-1: Ball
1-1: Foul Ball, location: 2F
1-2: Ball
2-2: Foul Ball, location: 2F
2-2: Strikes out looking
Batting: RHB Matt Méndez 0-0: Ground out 6-3 (Groundball, 6, EV 91.2 MPH)
Top of the 1st over - 0 runs, 0 hits, 0 errors, 0 left on base; Valley View 0 - Ladue 0
BOTTOM OF THE 1ST
Ladue Rams batting - Pitching for Valley View Cougars : RHP Chris Plautz
Pitching: RHP Chris Plautz
Batting: LHB Rafael Urrutiz 0-0: Ball
1-0: Ball
2-0: Called Strike
2-1: Ball
3-1: DOUBLE (Line Drive, 7LD, EV 107.5 MPH)
Batting: RHB Eric Davis 0-0: Ball
1-0: Called Strike
1-1: Fly out, F8 (Line Drive, 8RM, EV 95.6 MPH)
Batting: RHB Elias den Blick 0-0: Ball
1-0: Called Strike
1-1: Called Strike
1-2: Ball
2-2: Ball
3-2: Foul Ball, location: 2F
3-2: Ground out 4-3 (Groundball, 4, EV 90.0 MPH)
Rafael Urrutiz to third
Batting: LHB You-liang Yang 0-0: Swinging Strike
0-1: SINGLE (Groundball, 6M, EV 109.4 MPH) (infield hit)
Rafael Urrutiz scores
Batting: RHB Jaime Burgos 0-0: Called Strike
0-1: Ball
1-1: Ball
2-1: Foul Ball, location: 2F
2-2: Ball
You-liang Yang steals 2nd base
3-2: SINGLE (Groundball, 6MD, EV 103.8 MPH)
You-liang Yang to third
You-liang Yang scores
Batting: RHB Yong-hong Ren 0-0: Ball
1-0: Foul Ball, location: 2F
1-1: Ball
2-1: Fly out, F8 (Line Drive, 8LM, EV 108.8 MPH)
Bottom of the 1st over - 2 runs, 3 hits, 0 errors, 1 left on base; Valley View 0 - Ladue 2
TOP OF THE 2ND
Valley View Cougars batting - Pitching for Ladue Rams : LHP Reginald Woodger
Batting: RHB John Ingham 0-0: Fly out, F7 (Flyball, 7D, EV 78.1 MPH)
Batting: RHB Denis Perrin 0-0: Called Strike
0-1: Foul Ball, location: 2F
0-2: Foul Ball, location: 2F
0-2: Foul Ball, location: 2F
0-2: Ball
1-2: Foul Ball, location: 2F
1-2: Foul Ball, location: 2F
1-2: Fly out, F9 (Line Drive, 9, EV 90.6 MPH)
Batting: LHB Ruhinda Kirkconnell 0-0: Called Strike
0-1: Swinging Strike
0-2: Foul Ball, location: 2F
0-2: Fly out, F8 (Flyball, 8RS, EV 86.2 MPH)
Top of the 2nd over - 0 runs, 0 hits, 0 errors, 0 left on base; Valley View 0 - Ladue 2
BOTTOM OF THE 2ND
Ladue Rams batting - Pitching for Valley View Cougars : RHP Chris Plautz
Batting: RHB Bobby Norris 0-0: Foul Ball, location: 2F
0-1: Ball
1-1: Ball
2-1: Ground out 4-3 (Groundball, 4S, EV 85.0 MPH)
Batting: RHB Scott Reeves 0-0: Ball
1-0: Called Strike
1-1: Ball
2-1: Foul Ball, location: 2F
2-2: Ground out 4-3 (Groundball, 4M, EV 91.9 MPH)
Batting: RHB Gent Fleming 0-0: Called Strike
0-1: Swinging Strike
0-2: Ball
1-2: Foul Ball, location: 2F
1-2: Strikes out swinging
Bottom of the 2nd over - 0 runs, 0 hits, 0 errors, 0 left on base; Valley View 0 - Ladue 2
TOP OF THE 3RD
Valley View Cougars batting - Pitching for Ladue Rams : LHP Reginald Woodger
Batting: RHB Steve Roberson 0-0: Ball
1-0: Ball
2-0: Foul Ball, location: 2F
2-1: Foul Ball, location: 2F
2-2: Fly out, F9 (Flyball, 9LS, EV 97.5 MPH)
Batting: LHB Quentin Batkin 0-0: Called Strike
0-1: Ball
1-1: Fly out, F7 (Flyball, 78M, EV 88.1 MPH)
Batting: RHB Raúl Villegas 0-0: Foul Ball, location: 2F
0-1: Ball
1-1: Called Strike
1-2: Strikes out swinging
Top of the 3rd over - 0 runs, 0 hits, 0 errors, 0 left on base; Valley View 0 - Ladue 2
BOTTOM OF THE 3RD
Ladue Rams batting - Pitching for Valley View Cougars : RHP Chris Plautz
Batting: LHB Rafael Urrutiz 0-0: Swinging Strike
0-1: Swinging Strike
0-2: Foul Ball, location: 2F
0-2: TRIPLE (Flyball, 78XD, EV 93.1 MPH)
Batting: RHB Eric Davis 0-0: Swinging Strike
0-1: Ball
1-1: Called Strike
1-2: Strikes out looking
Batting: RHB Elias den Blick 0-0: Called Strike
0-1: Fly out, F9 (Flyball, 9S, EV 86.9 MPH)
Batting: LHB You-liang Yang 0-0: Called Strike
0-1: Foul Ball, location: 2F
0-2: Strikes out swinging
Bottom of the 3rd over - 0 runs, 1 hit, 0 errors, 1 left on base; Valley View 0 - Ladue 2
TOP OF THE 4TH
Valley View Cougars batting - Pitching for Ladue Rams : LHP Reginald Woodger
Batting: RHB Jerry Scott 0-0: Ball
1-0: SINGLE (Groundball, 6MD, EV 101.9 MPH)
Batting: LHB Juan Delgado 0-0: Ball
1-0: Called Strike
1-1: Called Strike
1-2: Foul Ball, location: 2F
1-2: SINGLE (Groundball, 6MS, EV 67.5 MPH) (infield hit)
Jerry Scott to second
Batting: RHB Matt Méndez 0-0: Ball
1-0: Called Strike
1-1: Fly out, F8 (Flyball, 8RM, EV 96.9 MPH)
Batting: RHB John Ingham 0-0: Called Strike
0-1: Called Strike
0-2: Strikes out looking
Batting: RHB Denis Perrin 0-0: Ball
1-0: Called Strike
1-1: Foul Ball, location: 2F
1-2: Ball
2-2: Foul Ball, location: 2F
2-2: Fly out, F9 (Flyball, 9, EV 87.5 MPH)
Top of the 4th over - 0 runs, 2 hits, 0 errors, 2 left on base; Valley View 0 - Ladue 2
BOTTOM OF THE 4TH
Ladue Rams batting - Pitching for Valley View Cougars : RHP Chris Plautz
Batting: RHB Jaime Burgos 0-0: Ball
1-0: Called Strike
1-1: Foul Ball, location: 2F
1-2: Strikes out swinging
Batting: RHB Yong-hong Ren 0-0: Ball
1-0: Called Strike
1-1: Ball
2-1: Called Strike
2-2: Foul Ball, location: 2F
2-2: Ball
3-2: Strikes out swinging
Batting: RHB Bobby Norris 0-0: Called Strike
0-1: Ball
1-1: Ball
2-1: Fly out, F8 (Flyball, 8RM, EV 91.2 MPH)
Bottom of the 4th over - 0 runs, 0 hits, 0 errors, 0 left on base; Valley View 0 - Ladue 2
TOP OF THE 5TH
Valley View Cougars batting - Pitching for Ladue Rams : LHP Reginald Woodger
Batting: LHB Ruhinda Kirkconnell 0-0: Ball
1-0: Ball
2-0: Ball
3-0: Base on Balls
Batting: RHB Steve Roberson 0-0: Ball
1-0: Ball
2-0: Called Strike
2-1: Swinging Strike
2-2: Strikes out swinging
Batting: LHB Quentin Batkin 0-0: Ball
1-0: Called Strike
1-1: Ball
2-1: Called Strike
2-2: Strikes out swinging
Batting: RHB Raúl Villegas 0-0: Foul Ball, location: 2F
0-1: Ball
1-1: Ball
2-1: Ball
3-1: Called Strike
3-2: Ground out 1-3 (Groundball, P, EV 83.1 MPH)
Top of the 5th over - 0 runs, 0 hits, 0 errors, 1 left on base; Valley View 0 - Ladue 2
BOTTOM OF THE 5TH
Ladue Rams batting - Pitching for Valley View Cougars : RHP Chris Plautz
Batting: RHB Scott Reeves 0-0: Foul Ball, location: 2F
0-1: Called Strike
0-2: Ball
1-2: Ball
2-2: Strikes out swinging
Batting: RHB Gent Fleming 0-0: Ground out 6-3 (Groundball, 6, EV 83.8 MPH)
Batting: LHB Rafael Urrutiz 0-0: Ball
1-0: Called Strike
1-1: Foul Ball, location: 2F
1-2: DOUBLE (Line Drive, 89XD, EV 108.1 MPH)
Batting: RHB Eric Davis 0-0: Called Strike
0-1: Swinging Strike
0-2: Ball
1-2: Single, Error in OF, E8, batter to second base (Groundball, 6MD, EV 100.0 MPH)
Rafael Urrutiz scores
Batting: RHB Elias den Blick 0-0: Called Strike
0-1: Ball
1-1: Swinging Strike
1-2: Foul Ball, location: 2F
1-2: Foul Ball, location: 2F
1-2: SINGLE (Groundball, 56D, EV 98.8 MPH)
Eric Davis to third
Runner from 3rd tries for Home, throw by LF and OUT! 7-2
Bottom of the 5th over - 1 run, 3 hits, 1 error, 1 left on base; Valley View 0 - Ladue 3
TOP OF THE 6TH
Valley View Cougars batting - Pitching for Ladue Rams : LHP Reginald Woodger
Batting: RHB Jerry Scott 0-0: Foul Ball, location: 2F
0-1: Ball
1-1: Called Strike
1-2: Ball
2-2: Fly out, F9 (Line Drive, 9, EV 88.8 MPH)
Batting: LHB Juan Delgado 0-0: Ball
1-0: Ball
2-0: Called Strike
2-1: Ball
3-1: Fly out, F9 (Flyball, 9S, EV 91.2 MPH)
Batting: RHB Matt Méndez 0-0: Called Strike
0-1: Ball
1-1: Ball
2-1: Swinging Strike
2-2: Fly out, F8 (Flyball, 78M, EV 93.1 MPH)
Top of the 6th over - 0 runs, 0 hits, 0 errors, 0 left on base; Valley View 0 - Ladue 3
BOTTOM OF THE 6TH
Ladue Rams batting - Pitching for Valley View Cougars : RHP Chris Plautz
Batting: LHB You-liang Yang 0-0: SINGLE (Groundball, 4, EV 98.1 MPH) (infield hit)
Batting: RHB Jaime Burgos 0-0: Ball
1-0: Foul Ball, location: 2F
1-1: Ball
2-1: Foul Ball, location: 2F
2-2: Fly out, F2 (Popup, 23F, EV 87.5 MPH)
Batting: RHB Yong-hong Ren 0-0: SINGLE (Line Drive, 78M, EV 97.5 MPH)
You-liang Yang to second
Runner from 2nd tries for 3rd, SAFE, no throw by CF
Pitching: LHP Fernando Mora
Batting: RHB Bobby Norris 0-0: Called Strike
0-1: Foul Ball, location: 2F
0-2: Strikes out swinging
Batting: RHB Scott Reeves 0-0: Ball
1-0: Foul Ball, location: 2F
1-1: Ball
2-1: Foul Ball, location: 2F
2-2: Foul Ball, location: 2F
2-2: SINGLE (Flyball, 9LS, EV 100.0 MPH)
You-liang Yang scores
Yong-hong Ren to second
Runner from 2nd tries for 3rd, SAFE, throw by RF made to third
Batting: RHB Gent Fleming 0-0: Ball
1-0: Called Strike
1-1: Swinging Strike
1-2: Ball
2-2: Fielders Choice at 2nd, U4 (Groundball, 4M, EV 100.0 MPH)
Bottom of the 6th over - 1 run, 3 hits, 0 errors, 2 left on base; Valley View 0 - Ladue 4
TOP OF THE 7TH
Valley View Cougars batting - Pitching for Ladue Rams : LHP Reginald Woodger
Batting: RHB John Ingham 0-0: Ball
1-0: Called Strike
1-1: Fly out, F5 (Popup, 15S, EV 83.8 MPH)
Batting: RHB Denis Perrin 0-0: Called Strike
0-1: Foul Ball, location: 2F
0-2: Strikes out swinging
Batting: LHB Ruhinda Kirkconnell 0-0: Called Strike
0-1: Ground out U3 (Groundball, 3L, EV 81.2 MPH)
Top of the 7th over - 0 runs, 0 hits, 0 errors, 0 left on base; Valley View 0 - Ladue 4
BOTTOM OF THE 7TH
Ladue Rams batting - Pitching for Valley View Cougars : LHP Fernando Mora
Batting: LHB Rafael Urrutiz 0-0: DOUBLE (Line Drive, 7LS, EV 108.8 MPH)
Batting: RHB Eric Davis 0-0: Ball
1-0: Called Strike
1-1: Swinging Strike
1-2: Foul Ball, location: 2F
1-2: Ball
2-2: Strikes out swinging
Batting: RHB Elias den Blick 0-0: Intentional Walk
Batting: LHB You-liang Yang 0-0: Called Strike
Rafael Urrutiz is caught stealing 3rd base 2-5
0-1: Ball
1-1: Swinging Strike
1-2: Strikes out swinging
Bottom of the 7th over - 0 runs, 1 hit, 0 errors, 1 left on base; Valley View 0 - Ladue 4
TOP OF THE 8TH
Valley View Cougars batting - Pitching for Ladue Rams : LHP Reginald Woodger
Batting: RHB Steve Roberson 0-0: Foul Ball, location: 2F
0-1: Foul Ball, location: 2F
0-2: SINGLE (Groundball, 6, EV 93.8 MPH) (infield hit)
Pitching: RHP Rubén Medina
Batting: LHB Quentin Batkin 0-0: Called Strike
0-1: Ball
1-1: Swinging Strike
1-2: Strikes out looking
Batting: RHB Raúl Villegas 0-0: Ball
1-0: Ball
2-0: SINGLE (Groundball, 56D, EV 97.5 MPH)
Steve Roberson to second
Batting: RHB Jerry Scott 0-0: Ball
1-0: Fly out, F3 (Popup, 3F, EV 72.5 MPH)
Batting: LHB Juan Delgado 0-0: Ball
1-0: Ball
2-0: Foul Ball, location: 2F
2-1: Foul Ball, location: 2F
2-2: Reached on error, E3 (Groundball, 3, EV 78.8 MPH)
Steve Roberson to third
Raúl Villegas to second
Batting: RHB Matt Méndez 0-0: Foul Ball, location: 2F
0-1: Swinging Strike
0-2: Ball
1-2: Ball
2-2: Ball
3-2: Foul Ball, location: 2F
3-2: Fly out, F7 (Flyball, 7S, EV 91.9 MPH)
Top of the 8th over - 0 runs, 2 hits, 1 error, 3 left on base; Valley View 0 - Ladue 4
BOTTOM OF THE 8TH
Ladue Rams batting - Pitching for Valley View Cougars : LHP Fernando Mora
Batting: RHB Jaime Burgos 0-0: Fly out, F8 (Flyball, 8LD, EV 81.9 MPH)
Batting: RHB Yong-hong Ren 0-0: Ball
1-0: Fly out, F9 (Line Drive, 9, EV 105.0 MPH)
Batting: RHB Bobby Norris 0-0: Called Strike
0-1: Swinging Strike
0-2: Ball
1-2: Strikes out swinging
Bottom of the 8th over - 0 runs, 0 hits, 0 errors, 0 left on base; Valley View 0 - Ladue 4
TOP OF THE 9TH
Valley View Cougars batting - Pitching for Ladue Rams : RHP Rubén Medina
Batting: RHB John Ingham 0-0: Ball
1-0: Foul Ball, location: 2F
1-1: Swinging Strike
1-2: Ball
2-2: Foul Ball, location: 2F
2-2: Strikes out swinging
Batting: RHB Denis Perrin 0-0: SINGLE (Groundball, 34D, EV 104.4 MPH)
Batting: LHB Ruhinda Kirkconnell 0-0: Ball
1-0: Called Strike
1-1: Foul Ball, location: 2F
1-2: Strikes out swinging
Batting: RHB Steve Roberson 0-0: Ball
1-0: Ball
2-0: Foul Ball, location: 2F
2-1: Swinging Strike
2-2: Strikes out looking
Top of the 9th over - 0 runs, 1 hit, 0 errors, 1 left on base; Valley View 0 - Ladue 4
Thursday, January 23rd, 2020 - OOTP Baseball 20.8 Build 74